 Dungeon Crawl Stone Soup version 0.19-a0-835-gf140595 (webtiles) character file.

67 Implojin the Slasher (level 3, -4/31 HPs)
             Began as a Minotaur Fighter on June 30, 2016.
             Slain by a giant frog (6 damage)
             ... on level 4 of the Dungeon.
             The game lasted 00:01:58 (192 turns).

Implojin the Slasher (Minotaur Fighter)              Turns: 192, Time: 00:01:59

Health: -4/31      AC:  6    Str: 20    XL:     3   Next: 98%
Magic:  2/2        EV:  7    Int:  5    God:
Gold:   27         SH:  9    Dex: 10    Spells: 0 memorised, 2 levels left

rFire  . . .     SeeInvis .     a - +0 long sword
rCold  . . .     Gourm    .     b - +0 scale mail
rNeg   . . .     Faith    .     c - +0 shield
rPois  .         Spirit   .     (helmet restricted)
rElec  .         Dismiss  .     (no cloak)
rCorr  .         Reflect  .     (no gloves)
SustAt .         Harm     .     (no boots)
MR     .....                    (no amulet)
Stlth  ..........               (no ring)
                                (no ring)

@: very slightly contaminated, hasted, very quick, not resistant to hostile
enchantments, extremely unstealthy
A: retaliatory headbutt, horns 2
a: no special abilities


You were on level 4 of the Dungeon.
You were not hungry.

You visited 1 branch of the dungeon, and saw 4 of its levels.

You collected 27 gold pieces.

Inventory:

Hand Weapons
 a - a +0 long sword (weapon)
 d - a +0 war axe
Missiles
 g - 6 tomahawks (quivered)
Armour
 b - a +0 scale mail (worn)
 c - a +0 shield (worn)
Wands
 l - a wand of random effects (32/48)
Scrolls
 e - a scroll of identify
Comestibles
 f - a bread ration
 h - a slice of pizza
 i - a beef jerky


   Skills:
 - Level 3.6 Fighting
 * Level 5.2 Long Blades
 - Level 3.6 Armour
 - Level 3.6 Shields


You had 2 spell levels left.
You didn't know any spells.

Dungeon Overview and Level Annotations

Branches:
Dungeon (4/15)
 Temple: D:4-7

Altars:

Shops:
D:4 [


Innate Abilities, Weirdness & Mutations

You reflexively headbutt those who attack you in melee.
You have a pair of horns on your head.


Message History

Okay, then.
As you read the scroll labeled XUKHLY ZAPYXOC, it crumbles to dust.
It is a scroll of identify.
j - a potion of curing The howler monkey skeleton barely misses you.
You riposte.
You barely miss the howler monkey skeleton.
The giant frog hits you.
* * * LOW HITPOINT WARNING * * *
You hit the howler monkey skeleton.
You headbutt the howler monkey skeleton.
The howler monkey skeleton hits you.
* * * LOW HITPOINT WARNING * * *
The howler monkey skeleton hits you but does no damage.
Your shield prevents you from hitting the giant frog.
Your headbutt misses the giant frog. You block the giant frog's attack. x2
You block the howler monkey skeleton's attack.
Unknown command.
It was a potion of haste.
You feel yourself speed up. You block the giant frog's attack.
The giant frog hits you.
* * * LOW HITPOINT WARNING * * *
The howler monkey skeleton hits you.
* * * LOW HITPOINT WARNING * * *
You are very lightly contaminated with residual magic.
You feel better.
The giant frog hits you but does no damage.
You closely miss the giant frog. The howler monkey skeleton hits you.
* * * LOW HITPOINT WARNING * * *
The giant frog hits you but does no damage.
You hit the giant frog.
The giant frog is lightly wounded.
You block the giant frog's attack. You block the ogre's attack.
The howler monkey skeleton hits you but does no damage.
The giant frog hits you.
* * * LOW HITPOINT WARNING * * *
You slash the giant frog!
The giant frog is heavily wounded.
You block the howler monkey skeleton's attack.
The giant frog hits you.
You die...

..... ..... .. .....# #..#
.# ......##.# ..# #....##
#..# ###...####.####
###### ##............
#....# #O..........# #
#....######...........###.
#........@#...........#...
#.......OFZ.<.............
#....####).)............#.
###### ##.##).....###....
#########.#######........
#........................
#.##..........#########..
#.8..∩..8.....# ..
####......)...# #.


You could see an ogre, a giant frog and a howler monkey skeleton.

Vanquished Creatures
  An orc priest (D:4)
  A hound skeleton (D:4)
  A worm (D:2)
  9 orcs (D:4)
  A goblin (D:2)
  A kobold (D:1)
14 creatures vanquished.

Notes
Turn   | Place    | Note
--------------------------------------------------------------
     0 | D:1      | Implojin the Minotaur Fighter began the quest for the Orb.
     0 | D:1      | Reached XP level 1. HP: 19/19 MP: 0/0
    45 | D:2      | Reached skill level 3 in Long Blades
    82 | D:4      | Found Loam's Antique Armour Shop.
    82 | D:4      | Noticed an orc priest
    85 | D:4      | Reached XP level 2. HP: 12/26 MP: 1/1
    94 | D:4      | Reached skill level 4 in Long Blades
    94 | D:4      | Reached XP level 3. HP: 9/31 MP: 2/2
   139 | D:4      | Reached skill level 5 in Long Blades
   175 | D:4      | Noticed a giant frog
   175 | D:4      | Noticed an ogre
   188 | D:4      | HP: 1/31 [howler monkey skeleton (3)]
   192 | D:4      | Slain by a giant frog

Vault maps used:
D:1:      sevenhm_arrival_forest_fort_small_4, serial_bayou,
          serial_bayou_pond_d, serial_bayou_shore_a, serial_bayou_shore_b,
          serial_bayou_ford_a, kennysheep_doodads, minivault_26,
          interstate_on_off, eino_curves_03, xom_teletrap_fun
D:2:      lemuel_upstairs_altar, marbit_many_paths, wad_floor_pattern_untrapped
D:3:      first_bread, grunt_decor_mini_mirrors, uniq_crazy_yiuf_cottage
D:4:      serial_shops, shop_statue, uniq_blork_the_orc, uniq_sigmund

Skill      XL: |  1  2  3 |
---------------+----------+-----
Long Blades    | 3 4 5 |  5.2
Fighting       | |  3.6
Armour         | |  3.6
Shields        | |  3.6

Action                   || total
-------------------------++-------
Melee: Long sword        ||    32
       Headbutt          ||     7
  Use: Potion            ||     3
       Scroll            ||     1
Armor: Scale mail        ||    16
Dodge: Dodged            ||     5
Block: Shield            ||    19

Table legend:
 A = Turns spent in this place as a percentage of turns spent in the entire game.
 B = Non-inter-level travel turns spent in this place as a percentage of non-inter-level travel turns spent in the entire game.
 C = Inter-level travel turns spent in this place as a percentage of turns spent in this place.
 D = Turns resting spent in this place as a percentage of non-inter-level travel turns spent in this place.
 E = Turns spent auto-exploring this place as a percentage of non-inter-level travel turns spent in this place.
 F = Non-inter-level travel turns spent in this place divided by the number of levels of this place that you've seen.
                   A       B       C       D       E      F
               +-------+-------+-------+-------+-------+----------------------
         Total | 100.0 | 100.0 |   0.0 |   0.0 |   0.0 |  48.8
       Dungeon | 100.0 | 100.0 |   0.0 |   0.0 |   0.0 |  48.8
               +-------+-------+-------+-------+-------+----------------------

Table legend:
 A = Kills in this place as a percentage of kills in entire the game.
 B = Kills by you in this place as a percentage of kills by you in the entire game.
 C = Kills by friends in this place as a percentage of kills by friends in the entire game.
 D = Other kills in this place as a percentage of other kills in the entire game.
 E = Experience gained in this place as a percentage of experience gained in the entire game.
 F = Experience gained in this place divided by the number of levels of this place that you have seen.
                   A       B       C       D       E      F
               +-------+-------+-------+-------+-------+----------------------
         Total | 100.0 | 100.0 |  -nan |  -nan | 100.0 |  24.0
       Dungeon | 100.0 | 100.0 |  -nan |  -nan | 100.0 |  24.0
               +-------+-------+-------+-------+-------+----------------------
